 Dungeon Crawl Stone Soup version 0.24-a0-307-gf989941 (webtiles) character file.

Game seed: 3988808415245064924

49 mhoghedin the Scratcher (level 3, 0/15 HPs)
             Began as a Felid Transmuter on May 13, 2019.
             Succumbed to an adder's poison
             ... on level 2 of the Dungeon.
             The game lasted 00:03:56 (1642 turns).

mhoghedin the Scratcher (Felid Transmuter)          Turns: 1642, Time: 00:03:57

Health: 0/15       AC:  1    Str:  7    XL:     3   Next: 51%
Magic:  7/7        EV: 18    Int: 14    God:
Gold:   94         SH:  0    Dex: 16    Spells: 3/6 levels left
                                        Lives:  0   Deaths: 0

rFire    . . .     SeeInvis +     - Unarmed
rCold    . . .     Gourm    .   (shield unavailable)
rNeg     . . .     Faith    .   (armour unavailable)
rPois    .         Spirit   .   (helmet unavailable)
rElec    .         Reflect  .   (cloak unavailable)
rCorr    .         Harm     .   (gloves unavailable)
MR       +....                  (boots unavailable)
Stlth    ++........             (no amulet)
HPRegen  0.05/turn              i - ring of protection from magic {MR+, !d}
MPRegen  0.10/turn              (no ring)

@: lethally poisoned (0 -> -8), berserk cooldown, slowed, slow
A: very small, no armour, no weapons or thrown items, stealth, claws 1, fangs 3,
see invisible, carnivore, speed 1, shaggy fur 1, slow metabolism 1, sharp paws
a: no special abilities


You were on level 2 of the Dungeon.
You were very full.

You visited 1 branch of the dungeon, and saw 2 of its levels.

You collected 94 gold pieces.

Inventory:

Missiles
 a - 23 arrows
Jewellery
 i - a ring of protection from magic (left paw) {MR+, !d}
   (You found it on level 1 of the Dungeon)
Scrolls
 b - a scroll of teleportation {unknown}
 d - a scroll of identify
 e - 2 scrolls of remove curse
 h - a scroll of noise {unknown}
Potions
 g - a potion of agility
Comestibles
 c - 4 rations


   Skills:
 + Level 1.2 Fighting
 + Level 2.8 Dodging
 + Level 3.7 Unarmed Combat
 - Level 2.0 Spellcasting
 + Level 3.3 Transmutations


You had 3 spell levels left.
You knew the following spells:

 Your Spells              Type           Power        Failure   Level  Hunger
a - Beastly Appendage     Tmut           ##....       6%          1    ##.....
s - Sticks to Snakes      Tmut           ##......     10%         2    ###....

Your spell library contained the following spells:

 Spells                   Type           Power        Failure   Level  Hunger
 Spider Form              Tmut/Pois      #.........   36%         3    ####...
 Ice Form                 Ice/Tmut       #.......     77%         4    #####..
 Blade Hands              Tmut           ##........   86%         5    ######.


Dungeon Overview and Level Annotations

Branches:
Dungeon (2/15)

Altars:
Ashenzari
Elyvilon
Nemelex Xobeh
Uskayaw


Innate Abilities, Weirdness & Mutations

You cannot wear armour.
You are incapable of wielding weapons or throwing items.
Your paws allow you to move quietly. (Stealth)
You have sharp claws.
You have razor-sharp teeth.
You have supernaturally acute eyesight. (SInv)
You are carnivorous and can eat meat at any time.
You cover ground quickly.
You are covered in fur. (AC +1)
You have a slow metabolism.
Your sharp claws are effective at attacking unaware monsters.


Message History

You scratch the rat but do no damage. The rat closely misses you.
You completely miss the rat. You headbutt the rat.
You kill the rat!
A goblin comes into view. It is wielding a +0 club.
Your transformation is almost over.
The goblin closely misses you.
You scratch the goblin.
You kill the goblin!
MP restored: 7 No target in view!
You now have 77 gold pieces (gained 11).
You see here a +0 club.
There isn't anything to butcher here.
You open the door.
There is an open door here.
Your horns disappear.
You see here 18 stones.
You stumble into a teleport trap!
You are suddenly yanked towards a nearby monster!
Your surroundings suddenly seem different.
Found 17 gold pieces.
Found a stone staircase leading down.
A quokka comes into view.
Health restored: 15 A quokka is nearby!
You grow a pair of large bovine horns.
You now have 6/7 mp.
You claw the quokka!
You kill the quokka!
You see here a quokka corpse.
Okay, then.
Unknown command.
Unknown command.
Unknown command.
Okay, then.
Unknown command.
Unknown command.
Okay, then.
Your transformation is almost over.
You now have 94 gold pieces (gained 17).
Your horns disappear.
You open the door.
There is an open door here.
Things that are here:
a runed leather armour; 18 stones; MP restored: 7 Unknown command.
You open the door.
There is an open door here.
You open the door.
There is an open door here.
An adder comes into view.
An adder is nearby!
You grow a pair of large bovine horns.
You now have 6/7 mp.
The adder hisses angrily.
The adder barely misses you.
You closely miss the adder. The adder bites you.
You take 3 damage, and have 12/15 hp.
You scratch the adder. The adder bites you. The adder closely misses you.
You take 1 damage, and have 11/15 hp.
You scratch the adder but do no damage. You claw the adder.
The adder completely misses you.
You barely miss the adder.
Your transformation is almost over.
The adder bites you.
You are poisoned.
The adder poisons you!
You take 3 damage, and have 8/15 hp.
You feel sick.
You take 1 damage, and have 7/15 hp.
Really quaff
f - a potion of berserk rage {!q}?
A red film seems to cover your vision as you go berserk!
You feel yourself moving faster!
You feel mighty! The adder bites you.
You are lethally poisoned!
The adder poisons you!
You now have 7/22 hp.
You closely miss the adder.
* * * LOW HITPOINT WARNING * * *
You feel sick. The adder misses you.
You take 1 damage, and have 6/22 hp.
You claw the adder!
You kill the adder!
There is a lethal amount of poison in your body!
Unknown command.
You feel a strong urge to attack something.
* * * LOW HITPOINT WARNING * * *
You feel sick.
You take 1 damage, and have 5/22 hp.
Unknown command.
You feel your anger nearly subside.
You are no longer berserk.
You are exhausted.
You feel yourself slow down.
You now have 3/15 hp.
* * * LOW HITPOINT WARNING * * *
You feel sick.
You take 1 damage, and have 2/15 hp.
* * * LOW HITPOINT WARNING * * *
You feel sick.
You take 1 damage, and have 1/15 hp.
Your horns disappear.
You die...

# ## ### # .. ..# .#
# #.###.###.# .#
#.........# .#
#.........# .#
#.........# .#
#.......# ##
#...@...# #.......#
##+## #.......#
##...## ######.##
##.....## ### #.#
#.......## ##.###.#
.........####...##.#
.........'.........#
.........####...####


There were no monsters in sight!

Vanquished Creatures
  An adder (D:2)
  An ooze (D:1)
  A leopard gecko (D:1)
  A ball python (D:1)
  2 giant cockroaches (D:1)
  5 goblins
  7 hobgoblins
  4 kobolds (D:1)
  A quokka (D:2)
  2 bats (D:1)
  4 frilled lizards (D:1)
  3 rats
32 creatures vanquished.

Notes
Turn   | Place    | Note
-------+----------+-------------------------------------------
     0 | D:1      | mhoghedin the Felid Transmuter began the quest for the Orb.
     0 | D:1      | Reached XP level 1. HP: 9/9 MP: 4/4
   203 | D:1      | Reached XP level 2. HP: 12/12 MP: 4/6
   541 | D:1      | Learned a level 2 spell: Sticks to Snakes
   556 | D:1      | Reached skill level 3 in Transmutations
   915 | D:1      | Reached XP level 3. HP: 10/15 MP: 5/7
  1499 | D:2      | Found a hide-covered altar of Uskayaw.
  1501 | D:2      | Found a sparkling altar of Nemelex Xobeh.
  1501 | D:2      | Found a shattered altar of Ashenzari.
  1502 | D:2      | Found a white marble altar of Elyvilon.
  1637 | D:2      | HP: 5/22 [poisoned by an adder]
  1640 | D:2      | HP: 2/15 [poisoned by an adder]
  1642 | D:2      | Succumbed to an adder's poison

Levels and vault maps discovered:
D:1:      dpeg_arrival_chambers_temple_mockup, layout_loops_cross
D:2:      layout_loops_corners, doesnt_xom_only_xom,
          chequers_temple_overflow_statue_of_worship, makhleb_altar_promises_db

Skill      XL: |  1  2 |
---------------+-------+-----
Transmutations | 3 |  3.3
Fighting       | |  1.2
Dodging        | |  2.8
Unarmed Combat | |  3.7
Spellcasting   | |  2.0

Action                   || total
-------------------------++-------
Melee: Unarmed           ||    85
       Headbutt          ||     8
       Bite              ||     2
       Punch             ||     2
 Cast: Beastly Appendage ||    22
  Use: Scroll            ||     3
       Potion            ||     1
 Stab: Sleeping          ||     1
  Eat: Chunk             ||     7
Armor: Skin              ||     5
Dodge: Dodged            ||    55

Table legend:
 A = Non-vault XP
 B = Vault XP
 C = Vault XP percentage of total XP
 D = Non-vault monster count
 E = Vault monster count
 F = Vault count percentage of total count
                 A         B        C        D         E       F
            +---------+---------+-------+---------+---------+-------
      Total |      70 |       0 |   0.0 |      32 |       0 |   0.0
            +---------+---------+-------+---------+---------+-------
        D:1 |      48 |       0 |   0.0 |      26 |       0 |   0.0
        D:2 |      22 |       0 |   0.0 |       6 |       0 |   0.0
            +---------+---------+-------+---------+---------+-------

Levels and vault maps discovered:
D:1:      dpeg_arrival_chambers_temple_mockup, layout_loops_cross
D:2:      layout_loops_corners, doesnt_xom_only_xom,
          chequers_temple_overflow_statue_of_worship, makhleb_altar_promises_db

Table legend:
 A = Turns spent in this place as a percentage of turns spent in the entire game.
 B = Non-inter-level travel turns spent in this place as a percentage of non-inter-level travel turns spent in the entire game.
 C = Inter-level travel turns spent in this place as a percentage of turns spent in this place.
 D = Turns resting spent in this place as a percentage of non-inter-level travel turns spent in this place.
 E = Turns spent auto-exploring this place as a percentage of non-inter-level travel turns spent in this place.
 F = Non-inter-level travel turns spent in this place divided by the number of levels of this place that you've seen.
                   A       B       C       D       E      F
               +-------+-------+-------+-------+-------+----------------------
         Total | 100.0 | 100.0 |   4.6 |  31.4 |  50.0 | 783.0
       Dungeon | 100.0 | 100.0 |   4.6 |  31.4 |  50.0 | 783.0
               +-------+-------+-------+-------+-------+----------------------

Table legend:
 A = Kills in this place as a percentage of kills in entire the game.
 B = Kills by you in this place as a percentage of kills by you in the entire game.
 C = Kills by friends in this place as a percentage of kills by friends in the entire game.
 D = Other kills in this place as a percentage of other kills in the entire game.
 E = Experience gained in this place as a percentage of experience gained in the entire game.
 F = Experience gained in this place divided by the number of levels of this place that you have seen.
                   A       B       C       D       E      F
               +-------+-------+-------+-------+-------+----------------------
         Total | 100.0 | 100.0 |   N/A |   N/A | 100.0 |  35.0
       Dungeon | 100.0 | 100.0 |   N/A |   N/A | 100.0 |  35.0
               +-------+-------+-------+-------+-------+----------------------
